AoeStats
← Goldenthums2

Black Forest

508668587Analyzed
4v4 RM · 8d ago on Sep 23, 2026· 68m 25s· 8 players
Game mode
Random Map
Map size
Large (8 player)
Population
200
Speed
Normal
Resources
Standard
Victory
Conquest
Starting age
Dark Age
Ending age
Imperial Age
RankedLock teamsTeams togetherTeam positionsShared explorationLock speedFull tech treeHidden civsTurbo modeCheats
Victory
Defeat
🇹🇷 Britons · Türkiye
682
+16
🇺🇸 Romans · United States
669
+17
🇮🇹 Danes · Italy
605
+19
🇺🇸 Huns · United States
581
+21
🇺🇸 Spanish · United States
725
-20
🇧🇷 Persians · Brazil
696
-19
🇮🇹 Britons · Italy
691
-19
🇮🇩 Byzantines · Indonesia
607
-15
Amaromuro876
13:18 Feudal Age
13:34 Loom
18:44 Double-Bit Axe
21:13 Castle Age
19:23 Horse Collar
25:21 Heavy Plow
25:54 Gold Mining
28:16 Bow Saw
28:54 Stone Mining
33:05 Wheelbarrow
36:12 Stone Shaft Mining
36:13 Gold Shaft Mining
39:15 Hand Cart
39:21 Crossbowman
42:48 Imperial Age
42:25 Caravan
43:38 Scale Barding Armor
43:43 Forging
43:33 Scale Mail Armor
43:33 Padded Archer Armor
43:24 Fletching
43:16 Elite Jomsviking
43:29 Hamask
46:23 Chain Mail Armor
46:43 Iron Casting
46:29 Chain Barding Armor
50:54 Conscription
52:37 Arson
52:40 Gambesons
52:56 Squires
53:36 Plate Barding Armor
54:02 Blast Furnace
53:34 Plate Mail Armor
NC Buss
0:37 Loom
10:59 Feudal Age
12:13 Double-Bit Axe
22:56 Castle Age
21:04 Stone Mining
21:55 Horse Collar
24:48 Bow Saw
28:34 Heavy Plow
31:57 Murder Holes
35:09 Masonry
35:24 Gold Mining
35:40 Caravan
35:55 Forging
35:52 Scale Barding Armor
40:00 Imperial Age
41:31 Gold Shaft Mining
40:22 Cavalier
41:14 Bloodlines
41:05 Husbandry
42:54 Wheelbarrow
42:05 Town Watch
41:52 Paladin
44:49 Conscription
47:31 Iron Casting
47:17 Chain Barding Armor
49:55 Blast Furnace
52:03 Plate Barding Armor
53:26 Ballistics
54:07 Chemistry
57:38 Two-Man Saw
Goldenthums2
0:27 Loom
16:57 Feudal Age
17:44 Double-Bit Axe
18:37 Man-at-Arms
34:14 Castle Age
40:32 Bow Saw
46:20 Squires
51:15 Imperial Age
51:16 Long Swordsman
55:05 Wheelbarrow
57:51 Pikeman
60:32 Hand Cart
60:51 Forging
60:33 Fletching
60:43 Padded Archer Armor
60:44 Scale Mail Armor
62:07 Halberdier
64:37 Ballistas
64:47 Ballistas
65:04 Comitatenses
65:11 Conscription
65:49 Capped Ram
67:50 Ballistics
68:31 Chemistry
Cortemilia
0:58 Loom
12:51 Feudal Age
14:18 Horse Collar
20:28 Castle Age
18:24 Double-Bit Axe
18:48 Stone Mining
18:51 Gold Mining
22:33 Wheelbarrow
22:48 Bow Saw
22:40 Heavy Plow
23:18 Gold Shaft Mining
25:50 Hand Cart
27:00 Caravan
27:30 Coinage
27:42 Coinage
33:59 Imperial Age
31:45 Fletching
31:55 Padded Archer Armor
33:36 Yeomen
33:21 Bodkin Arrow
33:41 Leather Archer Armor
33:37 Forging
33:27 Scale Mail Armor
33:33 Scale Barding Armor
34:13 Elite Longbowman
35:14 Conscription
35:29 Banking
36:18 Guilds
36:38 Bracer
37:08 Ring Archer Armor
37:58 Two-Man Saw
37:09 Warwolf
38:55 Hoardings
41:13 Ring Archer Armor
43:07 Sappers
43:51 Treadmill Crane
44:21 Masonry
44:31 Ballistics
45:12 Chemistry
44:03 Heated Shot
44:23 Fortified Wall
43:59 Arrowslits
44:21 Siege Engineers
46:57 Pikeman
47:37 Squires
47:22 Arson
54:48 Iron Casting
54:28 Chain Mail Armor
54:34 Chain Barding Armor
53:37 Halberdier
65:23 Blast Furnace
64:53 Plate Mail Armor
64:59 Plate Barding Armor
Luke91
0:26 Loom
11:32 Feudal Age
12:16 Double-Bit Axe
12:21 Man-at-Arms
17:07 Wheelbarrow
17:43 Arson
18:57 Town Watch
19:04 Gold Mining
22:24 Stone Mining
22:39 Horse Collar
22:45 Fishing Lines
26:54 Padded Archer Armor
26:45 Fletching
28:59 Castle Age
27:47 Scale Mail Armor
27:49 Padded Archer Armor
28:11 Fletching
28:23 Scale Mail Armor
29:03 Scale Barding Armor
29:50 Forging
30:01 Heavy Plow
31:28 Gillnets
32:17 Gold Shaft Mining
32:44 Caravan
33:39 Ballistics
33:00 Treadmill Crane
33:40 Bow Saw
33:44 Fervor
33:53 Murder Holes
34:58 Fortified Wall
36:30 Coinage
38:15 Hand Cart
41:48 Imperial Age
39:51 Masonry
39:54 Guard Tower
40:46 Town Patrol
40:46 Pikeman
41:26 Squires
41:15 Gambesons
40:51 Long Swordsman
41:10 Elite Skirmisher
41:10 Crossbowman
42:53 Conscription
43:40 Two-Man Saw
42:21 Halberdier
44:32 Two-Man Saw
43:42 Warwolf
44:59 Hoardings
45:50 Elite Longbowman
46:51 Yeomen
46:38 Capped Ram
46:40 Two-Handed Swordsman
47:51 Champion
50:38 Onager
51:38 Siege Engineers
52:03 Architecture
isthisthingon
1:14 Loom
13:18 Feudal Age
13:46 Horse Collar
21:10 Castle Age
21:00 Double-Bit Axe
23:31 Heavy Plow
23:33 Stone Mining
24:07 Gold Mining
26:49 Caravan
29:49 Pikeman
32:06 Wheelbarrow
32:22 Bow Saw
32:42 Fortified Wall
35:24 Murder Holes
38:44 Imperial Age
37:36 Bloodlines
37:28 Husbandry
38:49 Cavalier
39:19 Capped Ram
42:03 Chemistry
41:32 Conscription
42:31 Paladin
43:54 Siege Ram
46:16 Masonry
46:22 Forging
46:18 Scale Barding Armor
46:04 Fletching
47:54 Halberdier
48:40 Squires
48:26 Arson
49:04 Chain Barding Armor
49:19 Iron Casting
48:48 Scale Mail Armor
51:47 Light Cavalry
54:10 Architecture
54:03 Ballistics
54:46 Blast Furnace
54:22 Plate Barding Armor
53:20 Onager
63:09 Elite Skirmisher
63:55 Thumb Ring
pagerbon
3:55 Loom
14:16 Feudal Age
15:33 Wheelbarrow
14:44 Town Watch
14:52 Double-Bit Axe
15:21 Gold Mining
15:42 Horse Collar
17:57 Man-at-Arms
19:05 Arson
22:46 Forging
25:10 Scale Mail Armor
25:26 Padded Archer Armor
25:41 Bloodlines
28:37 Fletching
28:53 Scale Barding Armor
31:29 Castle Age
31:21 Pikeman
32:04 Squires
32:30 Heavy Plow
35:20 Leather Archer Armor
35:25 Chain Mail Armor
38:22 Iron Casting
40:48 Bow Saw
43:33 Husbandry
47:39 Imperial Age
46:32 Stone Mining
47:28 Hand Cart
48:27 Gold Shaft Mining
48:58 Crop Rotation
50:04 Two-Man Saw
50:12 Cavalier
50:18 Halberdier
52:08 Blast Furnace
52:36 Stone Shaft Mining
53:06 Plate Mail Armor
52:57 Chain Barding Armor
53:44 Caravan
55:56 Savar
57:02 Masonry
59:14 Plate Barding Armor
Sigit4n
9:18 Feudal Age
7:34 Loom
10:40 Wheelbarrow
9:52 Double-Bit Axe
22:29 Castle Age
20:12 Horse Collar
21:13 Stone Mining
21:32 Gold Mining
24:11 Bow Saw
24:58 Heavy Plow
34:39 Imperial Age
34:11 Fishing Lines
35:35 Stone Shaft Mining
36:16 Gold Shaft Mining
35:35 Pikeman
39:11 Gillnets
39:54 Crop Rotation
40:44 Two-Man Saw
39:54 Treadmill Crane
41:03 Forging
40:46 Fletching
40:57 Padded Archer Armor
41:05 Scale Barding Armor
41:49 Coinage
41:20 Caravan
42:47 Fortified Wall
43:38 Chemistry
42:59 Ballistics
42:36 Murder Holes
45:34 Greek Fire
45:44 Light Cavalry
46:24 Husbandry
46:52 Chain Barding Armor
47:08 Iron Casting
46:29 Bodkin Arrow
46:49 Leather Archer Armor
46:00 Elite Skirmisher
47:26 Hussar
48:45 Plate Barding Armor
48:31 Leather Archer Armor
48:11 Bodkin Arrow
53:24 Elite Cataphract
54:16 Logistica
64:49 Ring Archer Armor
64:20 Scale Mail Armor
Connection lost

Rejoining the realm…

Still unreachable

The connection could not be restored.

Session expired

The server has moved on; the page needs a fresh start.